MLB
LOS ANGELES (N) DODGERS @ OAKLAND ATHLETICS
09/30/2041
 
TOP OF THE 1ST
Los Angeles (N) Dodgers batting - Pitching for Oakland Athletics : RHP Devin Hogan
Pitching: RHP Devin Hogan
Batting: RHB Rocky Hutchison 0-0: Called Strike
0-1: Ball
1-1: Swinging Strike
1-2: DOUBLE (Groundball, 5L, EV 102.5 MPH)
Batting: LHB Sean Williams 0-0: Called Strike
0-1: Fly out, F5 (Popup, 5F, EV 69.4 MPH)
Batting: SHB Gonzo Ganjahlez 0-0: Ground out 6-3 (Groundball, 4M, EV 88.1 MPH)
Rocky Hutchison to third
Batting: RHB Abraão Vicente 0-0: Ball
1-0: Fly out, F9 (Flyball, 89M, EV 91.3 MPH)
Top of the 1st over - 0 runs, 1 hit, 0 errors, 1 left on base; Los Angeles (N) 0 - Oakland 0
BOTTOM OF THE 1ST
Oakland Athletics batting - Pitching for Los Angeles (N) Dodgers : LHP Bob Young
Pitching: LHP Bob Young
Batting: RHB Eric Davis 0-0: Swinging Strike
0-1: Called Strike
0-2: Ball
1-2: Ball
2-2: Fly out, F5 (Line Drive, 5L, EV 65.6 MPH)
Batting: RHB Jeremy Johnson 0-0: Ball
1-0: Ball
2-0: Ball
3-0: Called Strike
3-1: Base on Balls
Batting: RHB Cecilio Kendall 0-0: Called Strike
0-1: Ball
1-1: Called Strike
1-2: Ball
2-2: Foul Ball, location: 3DF
2-2: Foul Ball, location: 2F
2-2: Ball
Jeremy Johnson steals 2nd base
3-2: Base on Balls
Batting: RHB Héctor González 0-0: Ball
1-0: Called Strike
1-1: Fly out, F6 (Popup, 6D, EV 66.9 MPH)
Batting: LHB Jesús Cantú 0-0: Ball
1-0: Ball
2-0: Called Strike
2-1: Called Strike
2-2: Ball
3-2: Foul Ball, location: 2F
3-2: Fly out, F8 (Line Drive, 8RM, EV 90.6 MPH)
Bottom of the 1st over - 0 runs, 0 hits, 0 errors, 2 left on base; Los Angeles (N) 0 - Oakland 0
TOP OF THE 2ND
Los Angeles (N) Dodgers batting - Pitching for Oakland Athletics : RHP Devin Hogan
Batting: RHB Luis Yagues 0-0: Ball
1-0: Called Strike
1-1: Swinging Strike
1-2: Ball
2-2: Ball
3-2: Fly out, F8 (Flyball, 8LM, EV 93.8 MPH)
Batting: RHB José Costa 0-0: Fly out, F6 (Popup, 6MD, EV 65.0 MPH)
Batting: RHB Lonnie Anderson 0-0: Swinging Strike
0-1: Foul Ball, location: 2F
0-2: Strikes out looking
Top of the 2nd over - 0 runs, 0 hits, 0 errors, 0 left on base; Los Angeles (N) 0 - Oakland 0
BOTTOM OF THE 2ND
Oakland Athletics batting - Pitching for Los Angeles (N) Dodgers : LHP Bob Young
Batting: RHB Devin Hogan 0-0: Foul Ball, location: 25FF
0-1: Ball
1-1: Called Strike
1-2: Ball
2-2: Foul Ball, location: 9LDF
2-2: Strikes out looking
Batting: RHB Donnie Fields 0-0: Called Strike
0-1: Called Strike
0-2: Ball
1-2: Strikes out looking
Batting: RHB David Álvarez 0-0: Ball
1-0: Ground out 6-3 (Groundball, 6, EV 95.0 MPH)
Bottom of the 2nd over - 0 runs, 0 hits, 0 errors, 0 left on base; Los Angeles (N) 0 - Oakland 0
TOP OF THE 3RD
Los Angeles (N) Dodgers batting - Pitching for Oakland Athletics : RHP Devin Hogan
Batting: SHB Leroy Brown 0-0: Swinging Strike
0-1: Called Strike
0-2: Strikes out swinging
Batting: RHB T.J. Greenham 0-0: Ball
1-0: Swinging Strike
1-1: Fly out, F9 (Flyball, 89M, EV 93.1 MPH)
Batting: RHB Rocky Hutchison 0-0: Ball
1-0: Called Strike
1-1: Ball
2-1: Foul Ball, location: 2F
2-2: Strikes out swinging
Top of the 3rd over - 0 runs, 0 hits, 0 errors, 0 left on base; Los Angeles (N) 0 - Oakland 0
BOTTOM OF THE 3RD
Oakland Athletics batting - Pitching for Los Angeles (N) Dodgers : LHP Bob Young
Batting: SHB Jorge Montáñez 0-0: Ball
1-0: SINGLE (Flyball, 7S, EV 91.9 MPH)
Batting: RHB Eric Davis 0-0: Ball
1-0: Called Strike
1-1: Sac Bunt to 2R - play at second, runner OUT! 2-6
Batting: RHB Jeremy Johnson 0-0: Ball
1-0: Called Strike
1-1: Ball
2-1: Ball
3-1: Base on Balls
Eric Davis to second
Batting: RHB Cecilio Kendall 0-0: Called Strike
0-1: Called Strike
0-2: Foul Ball, location: 9LSF
0-2: Ball
1-2: Ball
2-2: Fly out, F9 (Flyball, 89S, EV 85.6 MPH)
Batting: RHB Héctor González 0-0: Ball
1-0: Ball
2-0: DOUBLE (Flyball, 8LXD, EV 100.0 MPH)
Eric Davis scores
Jeremy Johnson to third
Runner from 3rd tries for Home, throw by CF and OUT! 8-6-2
Bottom of the 3rd over - 1 run, 2 hits, 0 errors, 1 left on base; Los Angeles (N) 0 - Oakland 1
TOP OF THE 4TH
Los Angeles (N) Dodgers batting - Pitching for Oakland Athletics : RHP Devin Hogan
Batting: LHB Sean Williams 0-0: Ball
1-0: TRIPLE (Line Drive, 9LD, EV 110.0 MPH)
Batting: SHB Gonzo Ganjahlez 0-0: Called Strike
0-1: Ball
1-1: Called Strike
1-2: Foul Ball, location: 9LSFF
1-2: 2-RUN HOME RUN (Flyball, 7LD, EV 93.8 MPH), Distance : 347 ft
Batting: RHB Abraão Vicente 0-0: Ball
1-0: Foul Ball, location: 3SF
1-1: Ball
2-1: Foul Ball, location: 9LDF
2-2: Fly out, F3 (Popup, 3S, EV 75.6 MPH)
Batting: RHB Luis Yagues 0-0: Called Strike
0-1: Foul Ball, location: 25F
0-2: Ball
1-2: Strikes out swinging
Batting: RHB José Costa 0-0: Ground out 6-3 (Groundball, 6M, EV 77.5 MPH)
Top of the 4th over - 2 runs, 2 hits, 0 errors, 0 left on base; Los Angeles (N) 2 - Oakland 1
BOTTOM OF THE 4TH
Oakland Athletics batting - Pitching for Los Angeles (N) Dodgers : LHP Bob Young
Batting: LHB Jesús Cantú 0-0: Called Strike
0-1: Called Strike
0-2: Foul Ball, location: 2F
0-2: Ball
1-2: Ball
2-2: Ground out 6-3 (Groundball, 56, EV 106.3 MPH)
Batting: RHB Devin Hogan 0-0: Ball
1-0: Fly out, F5 (Popup, 5L, EV 79.4 MPH)
Batting: RHB Donnie Fields 0-0: Ball
1-0: Foul Ball, location: 7LMF
1-1: Called Strike
1-2: Strikes out looking
Bottom of the 4th over - 0 runs, 0 hits, 0 errors, 0 left on base; Los Angeles (N) 2 - Oakland 1
TOP OF THE 5TH
Los Angeles (N) Dodgers batting - Pitching for Oakland Athletics : RHP Devin Hogan
Batting: RHB Lonnie Anderson 0-0: Ball
1-0: Ball
2-0: Called Strike
2-1: Foul Ball, location: 23F
2-2: Foul Ball, location: 9LSF
2-2: Ground out 6-3 (Groundball, 6S, EV 78.1 MPH)
Batting: SHB Leroy Brown 0-0: Fly out, F5 (Popup, 5F, EV 67.5 MPH)
Batting: RHB T.J. Greenham 0-0: Ground out 4-3 (Groundball, 4M, EV 100.6 MPH)
Top of the 5th over - 0 runs, 0 hits, 0 errors, 0 left on base; Los Angeles (N) 2 - Oakland 1
BOTTOM OF THE 5TH
Oakland Athletics batting - Pitching for Los Angeles (N) Dodgers : LHP Bob Young
Batting: RHB David Álvarez 0-0: Swinging Strike
0-1: Ball
1-1: Foul Ball, location: 25FF
1-2: Ground out 5-3 (Groundball, 56S, EV 69.4 MPH)
Batting: SHB Jorge Montáñez 0-0: Ground out 6-3 (Groundball, 6, EV 83.8 MPH)
Batting: RHB Eric Davis 0-0: Ball
1-0: Ball
2-0: TRIPLE (Groundball, 3L, EV 102.5 MPH)
Batting: RHB Jeremy Johnson 0-0: Called Strike
0-1: Foul Ball, location: 2F
0-2: Ball
1-2: Foul Ball, location: 7LSF
1-2: Ball
2-2: Foul Ball, location: 2F
2-2: Ball
3-2: Foul Ball, location: 2F
3-2: Base on Balls
Pitching: RHP Phil Foster
Batting: RHB Cecilio Kendall 0-0: Ball
1-0: Called Strike
1-1: Called Strike
1-2: Fielders Choice at 2nd, 6-4 (Groundball, 6, EV 81.9 MPH)
Bottom of the 5th over - 0 runs, 1 hit, 0 errors, 2 left on base; Los Angeles (N) 2 - Oakland 1
TOP OF THE 6TH
Los Angeles (N) Dodgers batting - Pitching for Oakland Athletics : RHP Devin Hogan
Batting: RHB Rocky Hutchison 0-0: Called Strike
0-1: Swinging Strike
0-2: SINGLE (Groundball, 56S, EV 66.9 MPH) (infield hit)
Batting: LHB Sean Williams 0-0: Swinging Strike
0-1: Grounds out, U3 (Groundball, 3L, EV 81.9 MPH)
Batting: SHB Gonzo Ganjahlez 0-0: Ball
1-0: Foul Ball, location: 2F
1-1: SINGLE (Groundball, 34D, EV 97.5 MPH)
Rocky Hutchison to third
Batting: RHB Abraão Vicente 0-0: Ball
1-0: Ball
2-0: Fly out, F8 (Flyball, 8LD, EV 99.4 MPH)
Batting: RHB Luis Yagues 0-0: Foul Ball, location: 2F
0-1: Foul Ball, location: 3F
0-2: Ball
1-2: Strikes out swinging
Top of the 6th over - 0 runs, 2 hits, 0 errors, 2 left on base; Los Angeles (N) 2 - Oakland 1
BOTTOM OF THE 6TH
Oakland Athletics batting - Pitching for Los Angeles (N) Dodgers : RHP Phil Foster
Batting: RHB Héctor González 0-0: Ball
1-0: Called Strike
1-1: Called Strike
1-2: SINGLE (Groundball, 34D, EV 105.6 MPH)
Batting: LHB Jesús Cantú 0-0: Called Strike
0-1: Ball
1-1: Called Strike
Héctor González steals 2nd base
1-2: Ball
2-2: Ball
3-2: Fly out, F7 (Flyball, 7LM, EV 85.0 MPH)
Batting: RHB Devin Hogan 0-0: Foul Ball, location: 5F
0-1: Ball
1-1: Fly out, F7 (Flyball, 7, EV 93.1 MPH)
Pinch Hitting: RHB Jody Dailey 0-0: Called Strike
0-1: Swinging Strike
0-2: Ball
1-2: Ball
2-2: Foul Ball, location: 9LMF
2-2: Foul Ball, location: 9LDF
2-2: Fly out, F9 (Flyball, 9S, EV 96.9 MPH)
Bottom of the 6th over - 0 runs, 1 hit, 0 errors, 1 left on base; Los Angeles (N) 2 - Oakland 1
TOP OF THE 7TH
Los Angeles (N) Dodgers batting - Pitching for Oakland Athletics : RHP Devin Hogan
Now at 1B: Eric Davis
Now in LF: Jody Dailey
Batting: RHB José Costa 0-0: Ball
1-0: Ball
2-0: Swinging Strike
2-1: Ball
3-1: Called Strike
3-2: Ground out 6-3 (Groundball, 6, EV 81.9 MPH)
Batting: RHB Lonnie Anderson 0-0: Ground out 6-3 (Groundball, 6S, EV 86.3 MPH)
Batting: SHB Leroy Brown 0-0: Ball
1-0: Called Strike
1-1: Ball
2-1: Foul Ball, location: 7LDF
2-2: Foul Ball, location: 9LDF
2-2: Ball
3-2: SOLO HOME RUN (Flyball, 78XD, EV 101.9 MPH), Distance : 396 ft
Pitching: RHP José López
Batting: RHB T.J. Greenham 0-0: Ball
1-0: Fly out, F6 (Line Drive, 4M, EV 70.0 MPH)
Top of the 7th over - 1 run, 1 hit, 0 errors, 0 left on base; Los Angeles (N) 3 - Oakland 1
BOTTOM OF THE 7TH
Oakland Athletics batting - Pitching for Los Angeles (N) Dodgers : RHP Phil Foster
Batting: RHB David Álvarez 0-0: Foul Ball, location: 2F
0-1: SINGLE (Groundball, 15S, EV 68.8 MPH) (infield hit)
Pitching: RHP Jim Yates
Batting: SHB Jorge Montáñez 0-0: Ball
David Álvarez steals 2nd base
1-0: Ground out 4-3 (Groundball, 4, EV 88.8 MPH)
David Álvarez to third
Batting: RHB Eric Davis 0-0: Called Strike
0-1: Called Strike
0-2: SINGLE (Flyball, 8RS, EV 98.8 MPH)
David Álvarez scores
Batting: RHB Jeremy Johnson 0-0: Foul Ball, location: 5DF
0-1: Foul Ball, location: 9LDF
0-2: Ball
1-2: Ball
2-2: Strikes out looking
Batting: RHB Cecilio Kendall 0-0: Ball
Eric Davis steals 2nd base (no throw)
1-0: Ball
2-0: Foul Ball, location: 9LDF
2-1: SINGLE (Groundball, 4MD, EV 95.6 MPH)
Eric Davis to third
Runner from 3rd tries for Home, SAFE, throw by CF to home
Batting: RHB Héctor González 0-0: Ball
1-0: DOUBLE (Line Drive, 9LM, EV 93.1 MPH)
Cecilio Kendall to third
Batting: LHB Jesús Cantú 0-0: Ball
1-0: Foul Ball, location: 5FF
1-1: Swinging Strike
1-2: Ball
2-2: Strikes out swinging
Bottom of the 7th over - 2 runs, 4 hits, 0 errors, 2 left on base; Los Angeles (N) 3 - Oakland 3
TOP OF THE 8TH
Los Angeles (N) Dodgers batting - Pitching for Oakland Athletics : RHP José López
Batting: RHB Rocky Hutchison 0-0: Called Strike
0-1: SOLO HOME RUN (Flyball, 78XD, EV 105.0 MPH), Distance : 409 ft
Batting: LHB Sean Williams 0-0: Called Strike
0-1: Foul Ball, location: 2F
0-2: Fly out, F5 (Popup, 5S, EV 80.6 MPH)
Batting: SHB Gonzo Ganjahlez 0-0: Ball
1-0: Called Strike
1-1: Ball
2-1: Ground out 4-3 (Groundball, 4MS, EV 83.8 MPH)
Batting: RHB Abraão Vicente 0-0: Hit by Pitch
Batting: RHB Luis Yagues 0-0: Ball
Abraão Vicente steals 2nd base
1-0: Ball
2-0: Ball
3-0: Called Strike
3-1: Called Strike
3-2: Strikes out swinging
Top of the 8th over - 1 run, 1 hit, 0 errors, 1 left on base; Los Angeles (N) 4 - Oakland 3
BOTTOM OF THE 8TH
Oakland Athletics batting - Pitching for Los Angeles (N) Dodgers : RHP Jim Yates
Pitching: RHP Jeff Clark
Batting: RHB Devin Hogan 0-0: Hit by Pitch
Batting: RHB Jody Dailey 0-0: Ball
1-0: Foul Ball, location: 5DF
1-1: Ball
2-1: Foul Ball, location: 2F
2-2: SINGLE (Groundball, 6, EV 106.3 MPH) (infield hit)
Devin Hogan to second
Pinch Runner at 2nd José Rodríguez:
Pinch Hitting: RHB Luis García 0-0: Called Strike
0-1: Grounds into double play, 6-4-3 (Groundball, 6, EV 76.3 MPH)
José Rodríguez to third
Batting: SHB Jorge Montáñez 0-0: Foul Ball, location: 2F
0-1: Called Strike
0-2: Strikes out swinging
Bottom of the 8th over - 0 runs, 1 hit, 0 errors, 1 left on base; Los Angeles (N) 4 - Oakland 3
TOP OF THE 9TH
Los Angeles (N) Dodgers batting - Pitching for Oakland Athletics : RHP José López
Now in LF: Luis García
Now in CF: Jody Dailey
Batting: RHB José Costa 0-0: Ball
1-0: DOUBLE (Groundball, 5L, EV 94.4 MPH)
Batting: RHB Lonnie Anderson 0-0: Called Strike
0-1: Ground out 6-3 (Groundball, 6, EV 83.8 MPH)
José Costa to third
Batting: SHB Leroy Brown 0-0: Intentional Walk
Batting: RHB T.J. Greenham 0-0: Ball
1-0: Foul Ball, location: 2F
1-1: Ball
2-1: Fielders Choice at home, 3-2 (Groundball, 34S, EV 86.3 MPH)
Leroy Brown to second
Batting: RHB Rocky Hutchison 0-0: Ball
1-0: Ball
2-0: Foul Ball, location: 3FF
2-1: Foul Ball, location: 2F
2-2: Foul Ball, location: 2LF
2-2: Ball
3-2: SINGLE (Line Drive, 4D, EV 70.6 MPH)
Leroy Brown to third
T.J. Greenham to second
Leroy Brown scores
T.J. Greenham to third
Batting: LHB Sean Williams 0-0: Foul Ball, location: 5FF
0-1: Ball
1-1: Swinging Strike
1-2: Strikes out swinging
Top of the 9th over - 1 run, 2 hits, 0 errors, 2 left on base; Los Angeles (N) 5 - Oakland 3
BOTTOM OF THE 9TH
Oakland Athletics batting - Pitching for Los Angeles (N) Dodgers : RHP Jeff Clark
Batting: RHB Eric Davis 0-0: Swinging Strike
0-1: Swinging Strike
0-2: Foul Ball, location: 2F
0-2: Ball
1-2: Strikes out looking
Batting: RHB Jeremy Johnson 0-0: SINGLE (Line Drive, 6D, EV 107.5 MPH)
Batting: RHB Cecilio Kendall 0-0: SINGLE (Flyball, 9LS, EV 86.9 MPH)
Jeremy Johnson to second
Batting: RHB Héctor González 0-0: Called Strike
0-1: Ball
1-1: Ball
2-1: Fly out, F9 (Flyball, 9, EV 89.4 MPH)
Batting: LHB Jesús Cantú 0-0: Foul Ball, location: 2F
0-1: Foul Ball, location: 2F
0-2: Strikes out swinging
Bottom of the 9th over - 0 runs, 2 hits, 0 errors, 2 left on base; Los Angeles (N) 5 - Oakland 3
Sunday, March 24th , 2024 - OOTP Baseball 24.10 Build 82